 Dungeon Crawl Stone Soup version 0.18-a0-867-gfd1cc8f (webtiles) character file.

77479 Duffy the Brawler (level 15, -6/102 HPs)
             Began as a Gargoyle Monk on Dec 21, 2015.
             Was the Champion of Cheibriados.
             Mangled by a death yak (17 damage)
             ... on level 8 of the Lair of Beasts.
             The game lasted 00:28:00 (20620 turns).

Duffy the Brawler (Gargoyle Monk)                  Turns: 20620, Time: 00:28:00

Health: -6/102     AC: 42    Str: 37    XL:     15   Next: 57%
Magic:  24/24      EV: 21    Int: 27    God:    Cheibriados [******]
Gold:   1357       SH:  0    Dex: 34    Spells: 0 memorised, 14 levels left

rFire  . . .     SeeInvis +       - Unarmed
rCold  . . .     Gourm    .     t - +5 plate armour
rNeg   + . .     Faith    .     (no shield)
rPois  ∞         Spirit   .     x - +0 helmet
rElec  +         Dismiss  .     G - +1 cloak
rCorr  .         Reflect  .     V - +0 pair of gloves
SustAt .         Harm     +     n - +2 pair of boots
MR     ++...                    B - amulet of harm
Stlth  ..........               D - ring of see invisible
                                d - ring of protection from magic

@: mighty, agile, exhausted, flying, very slightly contaminated, slowed,
drained, invisible, very slow, very resistant to hostile enchantments, extremely
unstealthy
A: big wings, hooves 1, rough black scales 1, negative energy resistance 1,
robust 1, electricity resistance, unbreathing, petrification resistance, rot
immunity, AC +11
a: Stop Flying, Bend Time, Temporal Distortion, Slouch, Step From Time, Renounce
Religion


You were on level 8 of the Lair of Beasts.
You worshipped Cheibriados.
Cheibriados was exalted by your worship.
You were not hungry.

You visited 3 branches of the dungeon, and saw 21 of its levels.
You also visited: Labyrinth and Ossuary.

You collected 1357 gold pieces.


Innate Abilities, Weirdness & Mutations

You are resistant to torment.
Your stone body is resilient (AC +11).
You are immune to poison.
Your large and strong wings let you fly indefinitely.
You resist negative energy.
You are resistant to electric shocks.
You can survive without breathing.
You are immune to petrification.
You are immune to rotting.
You have large cloven feet.
You are partially covered in rough black scales (AC +4, Dex -1).
You are robust (+10% HP).


   Skills:
 + Level 10.4(9.2) Fighting
 + Level 10.1(8.8) Armour
 + Level 8.0(6.9) Dodging
 - Level 2.2(1.3) Stealth
 + Level 18.4(16.9) Unarmed Combat
 - Level 12.0(10.7) Invocations


You had 14 spell levels left.
You didn't know any spells.

Inventory:

Hand Weapons
 v - a +0 blowgun
Missiles
 w - 26 poisoned needles
 J - 5 throwing nets (quivered)
 R - 8 curare-tipped needles
 S - 3 exploding tomahawks
Armour
 n - a +2 pair of boots (worn)
 t - a +5 plate armour (worn)
 x - a +0 helmet (worn)
 G - a +1 cloak (worn)
 V - a +0 pair of gloves (worn)
Rods
 k - a +2 rod of clouds (13/13)
Jewellery
 d - a ring of protection from magic (left hand)
 B - an amulet of harm (around neck)
 D - a ring of see invisible (right hand)
 N - an uncursed ring of sustain attributes
 X - an uncursed ring of ice
Wands
 f - a wand of digging (12/24)
 C - a wand of lightning (9/15)
 H - a wand of enslavement (9/24)
 L - a wand of fire (7/15)
 O - a wand of teleportation (8/9)
 W - a wand of cold (8/15)
Scrolls
 e - 5 scrolls of fog
 l - 7 scrolls of remove curse
 m - 3 scrolls of teleportation
 q - 2 scrolls of blinking
 r - 5 scrolls of magic mapping
 s - 3 scrolls of fear
 M - 2 scrolls of recharging
 U - a scroll of vulnerability {unknown}
 Y - 4 scrolls of silence
Potions
 o - 10 potions of curing
 p - 6 potions of cancellation
 u - a potion of heal wounds
 A - a potion of might
 Q - 2 potions of cure mutation
Comestibles
 b - 13 bread rations
 h - 39 fruits
 j - 10 meat rations
 E - 4 beef jerkies
 F - 13 royal jellies
 K - 5 slices of pizza
 P - 3 chunks of flesh

Dungeon Overview and Level Annotations

Branches:
Dungeon (12/15)            Temple (1/1) D:4            Lair (8/8) D:10
 Shoals (0/4) Lair:5        Snake (0/4) Lair:5        Slime (0/6) Lair:8
    Orc (0/2) D:11

Altars:
Ashenzari
Cheibriados
Dithmenos
Elyvilon
Fedhas
Gozag
Kikubaaqudgha
Makhleb
Nemelex Xobeh
Okawaru
Pakellas
Qazlal
Ru
Sif Muna
Trog
Vehumet
Xom
Yredelemnul
Zin
The Shining One

Shops:
D:8 :

Annotations:
Lair:8 Duffy's ghost, journeyman NaEn


Message History

The death yak completely misses you.
Read which item? (? for menu, Esc to quit)
Enchant which item? (? for menu, Esc to quit)
As you read the scroll of enchant armour, it crumbles to dust.
Your +2 plate armour glows green for a moment.
The death yak gores you but does no damage.
The yak closely misses you. The death yak closely misses you.
The death yak barely misses you.
The death yak gores you but does no damage.
The death yak closely misses you. The yak barely misses you.
The death yak completely misses you.
Read which item? (? for menu, Esc to quit)
Enchant which item? (? for menu, Esc to quit)
As you read the scroll of enchant armour, it crumbles to dust.
Your +3 plate armour glows green for a moment.
The death yak completely misses you.
The death yak gores you but does no damage.
The death yak misses you. The yak gores you but does no damage.
The death yak misses you. The death yak barely misses you.
The death yak completely misses you.
Read which item? (? for menu, Esc to quit)
Enchant which item? (? for menu, Esc to quit)
As you read the scroll of enchant armour, it crumbles to dust.
Your +4 plate armour glows green for a moment.
The yak barely misses you.
The death yak gores you but does no damage.
The death yak closely misses you. The death yak misses you.
The death yak gores you.
The death yak gores you but does no damage.
The yak closely misses you. The death yak misses you. The death yak misses you.
The death yak gores you but does no damage.
The yak barely misses you. The death yak completely misses you.
The death yak gores you!
You die...

,,,****,,,*,,,,*,,,,,** **,,,,,,
,,,,**,**.#...#.......* *,,,,,,,
*,,,,,,,,.....#......,* **,,,,,,
*#,,..,7....#.......#** **,,,,,
,.#*.......#........## **,,,,,
,,.*.7...7...........# **,,,,,,
.,.#...........)YY..######,,,,,,,
,##....7.......YYY....#...,,,,,,,
##............##@YY.......,,,,,,,
#...###..#....YY##........,,,,,,,
#....#....#....YYY........,,,,,,,
.7.##.......##....<.......,,,,,,,
....##.....P#####...#.....,,,,,,,
#%###.......P# ##Y###.....,,,,,,,
...###..P..P## #.Y.YYY...._>,,,,,
....#......#####..........,,,,,,*
######.....#.##...........,,,,,,*


You could see 5 death yaks, 4 yaks and a sheep.

Action                   |  1- 3 |  4- 6 |  7- 9 | 10-12 | 13-15 || total
-------------------------+-------+-------+-------+-------+-------++-------
Melee: Unarmed           |    98 |   175 |   399 |   266 |  1116 ||  2054
 Fire: Blowgun           |       |     7 |     4 |       |       ||    11
Invok: Slouch            |       |       |       |       |     4 ||     4
 Abil: Fly               |       |       |       |       |     1 ||     1
  Use: Scroll            |       |       |    13 |     3 |    19 ||    35
       Potion            |       |       |       |     2 |    10 ||    12
 Stab: Sleeping          |     6 |     3 |     6 |       |       ||    15
       Distracted        |       |       |       |     1 |       ||     1
       Invisible         |       |       |       |       |     3 ||     3
  Eat: Chunk             |       |     6 |    12 |     5 |    19 ||    42
       Fruit             |       |     2 |       |       |       ||     2
       Pizza             |       |       |       |       |     2 ||     2

Notes
Turn   | Place    | Note
--------------------------------------------------------------
     0 | D:1      | Duffy the Gargoyle Monk began the quest for the Orb.
     0 | D:1      | Reached XP level 1. HP: 14/14 MP: 1/1
    71 | D:1      | Reached XP level 2. HP: 17/19 MP: 2/2
   179 | D:1      | You fall through a shaft!
   189 | D:2      | Reached XP level 3. HP: 19/23 MP: 3/3
   364 | D:2      | Reached skill level 5 in Unarmed Combat
   911 | D:4      | Reached XP level 4. HP: 4/28 MP: 4/4
   986 | D:4      | Noticed an ice beast
   993 | D:4      | Noticed Natasha
  1182 | D:4      | Killed Natasha
  1406 | D:4      | Reached skill level 6 in Unarmed Combat
  1406 | D:4      | Reached XP level 5. HP: 21/32 MP: 5/5
  1523 | D:4      | Found a sacrificial altar of Ru.
  1586 | D:4      | Found an ancient bone altar of Kikubaaqudgha.
  2557 | D:2      | Reached skill level 7 in Unarmed Combat
  2642 | D:1      | Reached XP level 6. HP: 34/37 MP: 6/6
  3087 | D:3      | Found a shadowy altar of Dithmenos.
  3502 | D:4      | Reached skill level 8 in Unarmed Combat
  3502 | D:4      | Reached XP level 7. HP: 33/41 MP: 7/7
  3641 | D:4      | Found a staircase to the Ecumenical Temple.
  3650 | Temple   | Entered the Ecumenical Temple
  3961 | D:5      | Entered Level 5 of the Dungeon
  3968 | D:5      | Reached skill level 9 in Unarmed Combat
  4125 | D:5      | Noticed Blork the orc
  4136 | D:5      | Killed Blork the orc
  4248 | D:5      | Reached XP level 8. HP: 46/46 MP: 8/8
  4267 | D:5      | Noticed Edmund
  4281 | D:5      | Reached skill level 10 in Unarmed Combat
  4295 | D:4      | Noticed Natasha
  4301 | D:4      | Killed Edmund
  4313 | D:4      | Killed Natasha
  4874 | D:5      | Found an iron altar of Okawaru.
  4883 | D:5      | Found a shimmering altar of Xom.
  4889 | D:5      | Reached skill level 11 in Unarmed Combat
  4971 | D:5      | Found a basalt altar of Yredelemnul.
  5192 | D:5      | Found an opulent altar of Gozag.
  5192 | D:5      | Found a burning altar of Makhleb.
  5312 | D:6      | Found a snail-covered altar of Cheibriados.
  5338 | D:6      | Became a worshipper of Cheibriados the Contemplative
  5338 | D:6      | Reached * piety under Cheibriados
  5338 | D:6      | Reached ** piety under Cheibriados
  5459 | D:6      | Reached XP level 9. HP: 22/51 MP: 9/9
  5832 | D:6      | Reached skill level 1 in Armour
  5889 | D:6      | Noticed Sigmund
  5911 | D:6      | Killed Sigmund
  5911 | D:6      | Reached skill level 4 in Fighting
  6161 | D:7      | Reached skill level 2 in Armour
  6161 | D:7      | Reached skill level 3 in Dodging
  6191 | D:7      | Noticed Prince Ribbit
  6221 | D:7      | Killed Prince Ribbit
  6221 | D:7      | Reached skill level 12 in Unarmed Combat
  6558 | D:7      | Found a shadowy altar of Dithmenos.
  6689 | D:7      | Reached skill level 3 in Armour
  6767 | D:7      | Found a glowing silver altar of Zin.
  6767 | D:7      | Noticed an angel
  6881 | D:7      | Reached *** piety under Cheibriados
  7189 | D:8      | Reached skill level 5 in Fighting
  7194 | D:8      | Found Ekhleody's Book Shop.
  7292 | D:8      | Found a sand-covered staircase.
  7298 | Ossuary  | Entered an ossuary
  7333 | Ossuary  | Reached **** piety under Cheibriados
  7883 | D:8      | Reached XP level 10. HP: 56/59 MP: 10/10
  7951 | D:8      | Found a bloodstained altar of Trog.
  7963 | D:8      | Reached skill level 4 in Armour
  8078 | D:8      | Reached skill level 4 in Dodging
  8793 | D:9      | Reached ***** piety under Cheibriados
  8798 | D:9      | Reached skill level 13 in Unarmed Combat
  8828 | D:9      | Reached skill level 6 in Fighting
  8830 | D:9      | Reached skill level 5 in Armour
  9094 | D:9      | Reached skill level 15 in Unarmed Combat
  9094 | D:9      | Reached XP level 11. HP: 64/64 MP: 11/11
  9095 | D:9      | Reached skill level 17 in Unarmed Combat
  9095 | D:9      | Reached XP level 12. HP: 70/70 MP: 12/12
  9544 | D:9      | Found a radiant altar of Vehumet.
  9705 | D:9      | Found a sparkling altar of Nemelex Xobeh.
  9816 | D:9      | Found a white marble altar of Elyvilon.
  9972 | D:9      | Noticed a three-headed hydra
  9981 | D:9      | Killed a three-headed hydra
  9981 | D:9      | Reached skill level 5 in Dodging
 10195 | D:10     | Entered Level 10 of the Dungeon
 10238 | D:10     | Found a staircase to the Lair.
 10288 | D:10     | Reached ****** piety under Cheibriados
 10288 | D:10     | Reached skill level 7 in Fighting
 10350 | D:10     | Reached XP level 13. HP: 73/76 MP: 13/13
 10406 | D:10     | Reached skill level 6 in Armour
 11097 | D:11     | Found a blossoming altar of Fedhas.
 11491 | D:11     | Reached skill level 7 in Armour
 11611 | D:11     | Reached skill level 6 in Dodging
 11621 | D:11     | Reached skill level 8 in Fighting
 12076 | D:11     | Noticed Harold
 12077 | D:11     | Noticed Josephine
 12094 | D:11     | Killed Josephine
 12344 | D:11     | Reached skill level 8 in Armour
 12350 | D:11     | Killed Harold
 12476 | D:11     | Found a staircase to the Orcish Mines.
 12683 | D:12     | Reached skill level 9 in Fighting
 12683 | D:12     | Reached skill level 18 in Unarmed Combat
 12920 | D:12     | Reached skill level 1 in Invocations
 12928 | D:12     | Got a pitted steel ring
 13475 | Lair:1   | Entered Level 1 of the Lair of Beasts
 13525 | Lair:1   | Reached skill level 2 in Invocations
 13592 | Lair:1   | Reached skill level 7 in Dodging
 13733 | Lair:1   | Found a sparkling altar of Nemelex Xobeh.
 13820 | Lair:1   | Gained mutation: Your large and strong wings let you fly indefinitely. [Gargoyle growth]
 13820 | Lair:1   | Reached XP level 14. HP: 86/86 MP: 15/15
 13860 | Lair:1   | Reached skill level 3 in Invocations
 14297 | Lair:2   | Reached skill level 4 in Invocations
 14580 | Lair:2   | Identified the cursed ring "Toro" {rElec Int-5 Dex+2 SInv} (You found it on level 12 of the Dungeon)
 14628 | Lair:2   | Reached skill level 5 in Invocations
 14869 | Lair:2   | Noticed Fannar
 14883 | Lair:2   | Killed Fannar
 14883 | Lair:2   | Reached skill level 6 in Invocations
 15621 | Lair:3   | Reached skill level 7 in Invocations
 15790 | Lair:3   | Reached skill level 8 in Invocations
 16882 | Lair:5   | Reached skill level 9 in Invocations
 16917 | Lair:5   | Found a staircase to the Shoals.
 17037 | Lair:5   | Found a staircase to the Snake Pit.
 17105 | Lair:5   | Noticed Kirke
 17111 | Lair:5   | Killed Kirke
 17111 | Lair:5   | Reached skill level 10 in Invocations
 18066 | Lair:6   | Reached skill level 11 in Invocations
 18633 | Lair:7   | Reached skill level 12 in Invocations
 18853 | Lair:7   | Reached XP level 15. HP: 91/91 MP: 24/24
 18869 | Lair:7   | Reached skill level 9 in Armour
 19544 | Lair:7   | Reached skill level 10 in Fighting
 19804 | Lair:8   | Entered Level 8 of the Lair of Beasts
 19804 | Lair:8   | Noticed Duffy's ghost (journeyman NaEn)
 20125 | Lair:8   | Reached skill level 10 in Armour
 20188 | Lair:8   | Found a labyrinth entrance.
 20197 | Lab      | Entered a labyrinth
 20364 | Lab      | Reached skill level 8 in Dodging
 20502 | Lab      | Got a twitching jade ring
 20508 | Lab      | Identified the cursed ring of Vutil {*Drain MP+9 Int-3 Dex+4} (You found it in a labyrinth)
 20601 | Lair:8   | Gained mutation: You have large cloven feet. [potion of mutation]
 20601 | Lair:8   | Gained mutation: You are robust (+10% HP). [potion of mutation]
 20602 | Lair:8   | Gained mutation: You are partially covered in rough black scales (AC +4, Dex -1). [potion of beneficial mutation]
 20620 | Lair:8   | Mangled by a death yak

Vault maps used:
D:1:      lemuel_arrival_tunnels
D:2:      minivault_5, nrook_loot_triangle
D:3:      grunt_ministairs_4, st_stairs_9, minmay_gold_behind_fungi,
          nicolae_dithmenos_through_a_glass_darkly
D:4:      marbit_many_paths, kiku_gazebo_pond_becter, minmay_temple_entry_mist,
          uniq_natasha
D:5:      nicolae_overflow_hidden_temple, first_bread, uniq_blork_the_orc,
          uniq_edmund
D:6:      cheibrodos_worm_habitat, uniq_sigmund
D:7:      overflow_temple_1_default, zin_angel, uniq_prince_ribbit1
D:8:      boulder_corridor_run, trog_ov_bears_minmay,
          nicolae_ossuary_entry_giza, serial_shops, shop
D:9:      kennysheep_little_box, overflow_temple_1_default, vehumet_statue,
          special_room, hangedman_ranch
D:10:     lair_0_dummy
D:11:     forest_paths, orc_0_dummy, fedhas_altar_fruit_tree, uniq_harold,
          uniq_josephine
D:12:     minmay_holes
Temple:   nicolae_temple_hex_pool
Lair:1:   basic_altar, st_stairs_4, minivault_25
Lair:2:   grunt_megastairs_2, uniq_fannar
Lair:3:   infiniplex_staircase_pool, lemuel_fruit_fields
Lair:5:   minmay_shoals_entry_centaurs, guppyfry_snake_entry_island,
          grunt_megastairs_3, serial_bayou_shore_a, uniq_kirke
Lair:6:   kennysheep_basilisk_garden
Lair:7:   serial_forest, infiniplex_forest_straight_1, infiniplex_forest_end_2,
          infiniplex_forest_lined_room_2, infiniplex_forest_lined_room_,
          infiniplex_forest_end_2, grunt_megastairs_5
Lair:8:   wormcave, guppyfry_lair_end_dragon, slime_altar_1, lab_entry_generic,
          grunt_megastairs_4
Lab:      labyrinth_spiral, nicolae_lab_grate_2, nicolae_lab_big_swirl,
          nicolae_lab_t_cross, nicolae_lab_swirl
Ossuary:  ossuary_tomb_3

Vanquished Creatures
  Kirke
  A minotaur Josephine Fannar Harold
  8 hydras
  2 unseen horrors
  4 hill giants
  3 deep elf magi
  5 cyclopes
  An ugly thing
  2 griffons
  A manticore
  3 centaur zombies
  26 elephants
  2 black mambas
  A torpor snail
  2 fire drakes
  13 spiny frogs
  3 trolls
  9 komodo dragons
  A queen bee
  2 polar bears Prince Ribbit
  2 two-headed ogres Sigmund
  12 blink frogs
  4 hogs
  A vampire
  4 wraiths
  26 yaks
  A shadow
  12 hippogriffs
  4 basilisks
  3 vampire mosquitoes
  5 hungry ghosts
  21 wolves Edmund
  2 ice beasts
  18 water moccasins
  12 porcupines
  2 sky beasts
  8 ogres
  A phantom
  A wasp
  4 black bears
  4 orc warriors
  19 centaurs
  A necrophage
  3 big kobolds
  12 crocodiles Blork the orc
  15 giant frogs
  A gnoll sergeant
  33 killer bees
  2 scorpions
  A water moccasin skeleton
  10 wights
  An electric eel
  2 orc priests
  A gnoll shaman
  A quasit
  A giant frog zombie
  8 hounds
  5 crimson imps
  7 jellies
  A centaur skeleton
  A giant frog skeleton
  7 orc wizards
  9 worker ants
  12 iguanas
  Natasha (twice)
  A statue
  29 sheep
  A hound zombie
  9 mummies
  10 gnolls
  71 river rats
  A worker ant zombie
  17 adders
  2 shadow imps
  3 oozes
  2 adder skeletons
  2 worms
  6 giant geckos
  27 orcs
  A ball python
  10 bats
  5 giant cockroaches
  6 hobgoblins
  12 jackals
  13 kobolds
  7 quokkas
  2 giant gecko skeletons
  3 giant newts
  2 gnoll zombies
  6 goblins
  3 hobgoblin zombies
  3 kobold zombies
  2 orc zombies
  5 rats
  20 fungi
  14 plants
694 creatures vanquished.
